 Dungeon Sprint DCSS version 0.22.0-18-ge075c0d (webtiles) character file.

1600000 poirepourri the Wrestler (level 14, -18/130 HPs)
             Began as a Ghoul Gladiator on Aug 18, 2018.
             Was a Follower of Makhleb.
             Demolished by a bag of meat
             ... wielding a +9 war axe
              (19 damage)
             ... in the Dungeon (Sprint VIII: "Arena of Blood").
             The game lasted 00:00:16 (16 turns).

poirepourri the Wrestler (Ghoul Gladiator)            Turns: 16, Time: 00:00:16

Health: -18/130    AC:  4    Str: 19    XL:     14   Next: 8%
Magic:  13/13      EV: 25    Int:  3    God:    Makhleb [*.....]
Gold:   0          SH:  0    Dex: 14    Spells: 13/13 levels left

rFire    . . .     SeeInvis .     - Unarmed
rCold    + . .     Gourm    .   (no shield)
rNeg     + + +     Faith    .   a - +0 leather armour
rPois    ∞         Spirit   .   b - +0 helmet
rElec    .         Reflect  .   (no cloak)
rCorr    .         Harm     .   (no gloves)
MR       +....     NoTele   +   (no boots)
Stlth    +.........             (no amulet)
HPRegen  0.00/turn              (no ring)
MPRegen  0.13/turn              (no ring)

@: rotting
A: rotting body, claws 1, carnivore, cold resistance 1, negative energy
resistance 3, inhibited regeneration, torment resistance, unbreathing
a: Renounce Religion


You were in the Dungeon.
You worshipped Makhleb.
Makhleb was aware of your devotion.
You were not hungry.

You visited 1 branch

Inventory:

Missiles
 c - 3 throwing nets (quivered)
Armour
 a - a +0 leather armour (worn)
 b - a +0 helmet (worn)
Scrolls
 j - a scroll of blinking
Potions
 e - a potion of curing
 f - a potion of heal wounds
 g - a potion of haste
 h - 2 potions of magic
 i - a potion of berserk rage
Comestibles
 d - a ration


   Skills:
 + Level 13.9 Fighting
   Level 6.8 Axes
 + Level 11.8 Throwing
 + Level 20.0 Dodging
 + Level 23.1 Unarmed Combat


You had 13 spell levels left.
You didn't know any spells.
Your spell library was empty.

Dungeon Overview and Level Annotations

Branches:
Dungeon (1/1)

Altars:
Makhleb


Innate Abilities, Weirdness & Mutations

Your body is rotting away.
You thrive on raw meat.
You are immune to poison.
You have sharp fingernails.
You are carnivorous and can eat meat at any time.
Your flesh is cold resistant. (rC+)
You are immune to negative energy. (rN+++)
You do not regenerate when monsters are visible.
You are immune to unholy pain and torment.
You can survive without breathing.


Message History

You hear a shout! x9
A bag of meat comes into view. It is wielding a +9 war axe.
You hear a shout! x4
The bag of meat hits you with a +9 war axe!!!
You hear a shout! x5
You are now empty-clawed.
You drop the +∞ Axe of Woe.
You hear a shout! x8
The bag of meat hits you with a +9 war axe!!!
You hear a shout! x3
The bag of meat hits you with a +9 war axe!!!
* * * LOW HITPOINT WARNING * * *
You hear a shout! x3
The bag of meat barely misses you.
You stop training Axes.
Unknown command.
Press < or > to pray at altars.
You claw the bag of meat! You claw the bag of meat.
The bag of meat is lightly wounded.
You hear a shout! x4
The bag of meat hits you with a +9 war axe!!
You die...

..... .. #...
.# . #... ..#
..###... ..###.
......###......
....._......
#o....# #@o<._#
#)o...#
....._o.....
.....o###......
.o###... ..###.
. #... ..# #...
.# ..... ..


You could see 5 bags of meat.

Vanquished Creatures
  An ogre (D)
  An orc (D)
2 creatures vanquished.

Notes
Turn   | Place    | Note
-------+----------+-------------------------------------------
     0 | D        | Found the +∞ Axe of Woe
     0 | D        | poirepourri the Ghoul Gladiator began the quest for the Orb.
     0 | D        | Reached XP level 1. HP: 17/17 MP: 0/0
     2 | D        | Noticed a bag of meat
     4 | D        | Became a worshipper of Makhleb the Destroyer
     7 | D        | Noticed a bag of meat
     8 | D        | Noticed a bag of meat
    11 | D        | Killed a bag of meat
    11 | D        | Reached skill level 18 in Unarmed Combat
    11 | D        | Reached XP level 2. HP: 40/40 MP: 1/1
    11 | D        | Reached XP level 3. HP: 47/47 MP: 2/2
    11 | D        | Reached XP level 4. HP: 55/55 MP: 3/3
    11 | D        | Reached XP level 5. HP: 61/61 MP: 4/4
    11 | D        | Reached XP level 6. HP: 68/68 MP: 5/5
    11 | D        | Reached XP level 7. HP: 74/74 MP: 6/6
    11 | D        | Reached XP level 8. HP: 82/82 MP: 7/7
    11 | D        | Reached XP level 9. HP: 89/89 MP: 8/8
    11 | D        | Reached XP level 10. HP: 96/96 MP: 9/9
    11 | D        | Reached XP level 11. HP: 102/102 MP: 10/10
    11 | D        | Reached XP level 12. HP: 110/110 MP: 11/11
    11 | D        | Noticed a bag of meat
    11 | D        | Noticed a bag of meat
    12 | D        | Noticed a bag of meat
    12 | D        | Noticed a meat berserker
    14 | D        | Killed a meat berserker
    14 | D        | Reached * piety under Makhleb
    14 | D        | Reached skill level 23 in Unarmed Combat
    14 | D        | Reached XP level 13. HP: 123/123 MP: 12/12
    14 | D        | Reached XP level 14. HP: 130/130 MP: 13/13
    14 | D        | Noticed a bag of meat
    15 | D        | HP: 1/130 [bag of meat/+9 war axe (46)]
    16 | D        | Demolished by a bag of meat

Skill      XL: |  1  2  3  4  5  6  7  8  9 10 11 12 |
---------------+-------------------------------------+-----
Fighting       | 11 13 | 13.9
Axes           | 3 6 |  6.8
Throwing       | 9 11 | 11.8
Dodging        | 16 20 | 20.0
Unarmed Combat | 18 23 | 23.1

Action                   |  1- 3 |  4- 6 |  7- 9 | 10-12 | 13-15 || total
-------------------------+-------+-------+-------+-------+-------++-------
Melee: Executioner's axe |     1 |       |       |     1 |       ||     2
       Unarmed           |       |       |       |       |     1 ||     1
       Punch             |       |       |       |       |     1 ||     1
Dodge: Dodged            |       |       |       |       |     1 ||     1
